AoeStats
← Hawthorne

Black Forest

511078342Analyzed
2v2 RM · 4h ago on Oct 3, 2026· 28m 42s· 4 players
Game mode
Random Map
Map size
Medium (4 player)
Population
200
Speed
Normal
Resources
Standard
Victory
Conquest
Starting age
Dark Age
Ending age
Imperial Age
RankedLock teamsTeams togetherTeam positionsShared explorationLock speedFull tech treeHidden civsTurbo modeCheats
Victory
Defeat
🇪🇸 Franks · Spain
908
+16
🇪🇸 Ethiopians · Spain
874
+18
🇧🇪 Goths · Belgium
913
-48
🇧🇪 Koreans · Belgium
913
-48
Macklemore
12:02 Feudal Age
17:38 Castle Age
18:19 Horse Collar
18:32 Stone Mining
18:41 Double-Bit Axe
19:13 Gold Mining
19:12 Town Watch
21:13 Bow Saw
22:11 Heavy Plow
25:47 Town Watch
bediarguez
0:58 Loom
12:33 Feudal Age
13:32 Double-Bit Axe
14:34 Wheelbarrow
14:05 Gold Mining
16:09 Stone Mining
19:30 Town Watch
21:59 Castle Age
19:49 Town Watch
23:09 Bow Saw
24:24 Caravan
25:12 Gold Shaft Mining
27:46 Hand Cart
29:21 Fortified Wall
Hawthorne
1:16 Loom
13:17 Feudal Age
14:39 Man-at-Arms
16:16 Wheelbarrow
17:18 Horse Collar
17:26 Double-Bit Axe
20:45 Forging
22:39 Castle Age
21:48 Scale Mail Armor
24:01 Bow Saw
24:11 Hand Cart
24:12 Pikeman
28:26 Fletching
Drabzes
7:35 Loom
9:54 Feudal Age
10:51 Double-Bit Axe
12:29 Horse Collar
19:57 Castle Age
18:22 Fletching
19:49 Forging
19:40 Scale Mail Armor
21:31 Wheelbarrow
20:52 Crossbowman
22:10 Bodkin Arrow
23:42 Squires
28:21 Bow Saw
28:12 Heavy Plow
Connection lost

Rejoining the realm…

Still unreachable

The connection could not be restored.

Session expired

The server has moved on; the page needs a fresh start.